 Dungeon Crawl Stone Soup version 0.25-a0-420-g1cc7eeb0d1 (webtiles) character file.

Game seed: 15141637731370066582, levelgen mode: deterministic

3556 ReteAZ the Severer (level 9, -8/71 HPs)
             Began as a Minotaur Fighter on Jan 19, 2020.
             Was an Elder of Okawaru.
             Mangled by a two-headed ogre
             ... wielding a +0 giant club
              (10 damage)
             ... on level 9 of the Dungeon.
             The game lasted 00:08:19 (7365 turns).

ReteAZ the Severer (Minotaur Fighter)               Turns: 7365, Time: 00:08:20

Health: -8/71      AC: 11    Str: 25    XL:     9   Next: 83%
Magic:  8/8        EV:  6    Int:  5    God:    Okawaru [****..]
Gold:   241        SH:  9    Dex:  9    Spells: 8/8 levels left

rFire    . . .     SeeInvis .   w - +4 hand axe (vamp)
rCold    . . .     Gourm    .   c - +0 shield
rNeg     . . .     Faith    .   H - +0 chain mail
rPois    +         Spirit   .   (helmet restricted)
rElec    .         Reflect  .   o - +0 cloak
rCorr    .         Harm     .   (no gloves)
MR       +....                  G - +0 pair of boots
Stlth    ..........             M - amulet of regeneration
HPRegen  0.61/turn              y - ring of protection from magic
MPRegen  0.11/turn              O - ring of poison resistance

@: hasted, studying Stealth, very quick
A: retaliatory headbutt, horns 2
a: Heroism, Renounce Religion


You were on level 9 of the Dungeon.
You worshipped Okawaru.
Okawaru was greatly pleased with you.
You were hungry.

You visited 1 branch of the dungeon, and saw 9 of its levels.
You also visited: Ossuary.

You collected 427 gold pieces.
You spent 186 gold pieces at shops.

Inventory:

Hand Weapons
 a - a +0 war axe
 w - a +4 vampiric hand axe (weapon)
Missiles
 F - a throwing net (quivered)
Armour
 b - a +0 scale mail
 c - a +0 shield (worn)
 o - a +0 cloak (worn)
 G - a +0 pair of boots (worn)
 H - a +0 chain mail (worn)
 P - a scarf of cloud immunity
Jewellery
 y - a ring of protection from magic (left hand)
 M - an amulet of regeneration (around neck)
 N - an uncursed ring of flight
 O - a ring of poison resistance (right hand)
Wands
 s - a wand of digging (9)
 x - a wand of polymorph (27)
Scrolls
 e - 5 scrolls of teleportation
 g - 3 scrolls of enchant weapon {unknown}
 h - 9 scrolls of remove curse
 i - a scroll of fog {unknown}
 j - 3 scrolls of amnesia {unknown}
 k - 6 scrolls of identify
 p - 2 scrolls of magic mapping {unknown}
 A - a scroll of fear {unknown}
 D - a scroll of random uselessness {unknown}
 E - a scroll of silence {unknown}
 I - 2 scrolls of noise {unknown}
Potions
 d - 2 potions of might
 l - 3 potions of brilliance {unknown}
 m - 2 potions of lignification
 n - 2 potions of curing {unknown}
 q - a potion of cancellation {unknown}
 r - 3 potions of degeneration {unknown}
 t - 2 potions of haste
 u - 3 potions of agility {unknown}
 v - 2 potions of invisibility
 B - 3 potions of mutation {unknown}
 C - a potion of berserk rage {unknown}
 J - 2 potions of flight {unknown}
 K - a potion of heal wounds {unknown}
 L - a potion of magic {unknown}
Books
 z - a manual of Stealth
Comestibles
 f - 24 rations


   Skills:
 - Level 4.0 Fighting
 * Level 15.6 Axes
 - Level 4.1 Armour
 - Level 4.0 Shields


You had 8 spell levels left.
You didn't know any spells.
Your spell library contained the following spells:

 Spells                   Type           Power        Failure   Level  Hunger
 Foxfire                  Conj/Fire      #...         100%        1    ##.....
 Infusion                 Chrm           #...         100%        1    ##.....
 Summon Small Mammal      Summ           #...         100%        1    ##.....
 Call Imp                 Summ           #.......     100%        2    ###....
 Shroud of Golubria       Chrm/Tloc      #.....       100%        2    ###....
 Song of Slaying          Chrm           #.......     100%        2    ###....
 Call Canine Familiar     Summ           #.......     100%        3    ####...
 Conjure Flame            Conj/Fire      #.......     100%        3    ####...
 Inner Flame              Hex/Fire       #.......     100%        3    ####...
 Ozocubu's Armour         Chrm/Ice       #.......     100%        3    ####...
 Spectral Weapon          Hex/Chrm       #.......     100%        3    ####...
 Summon Guardian Golem    Hex/Summ       #.......     100%        3    ####...
 Sticky Flame             Conj/Fire      #.......     100%        4    #####..
 Summon Ice Beast         Ice/Summ       #.......     100%        4    #####..
 Summon Lightning Spire   Summ/Air       #.......     100%        4    #####..
 Fireball                 Conj/Fire      #.........   100%        5    ######.


Dungeon Overview and Level Annotations

Branches:
Dungeon (9/15)             Temple (0/1) D:6         Ossuary (visited)
   Lair: D:8-11         Orc: D:9-12

Altars:
Cheibriados
Dithmenos
Elyvilon
Gozag
Hepliaklqana
Okawaru
Ru
Wu Jian
Yredelemnul

Shops:
D:4 *   D:5 }

Annotations:
D:4 1 runed translucent door, ReteAZ's ghost, amateur MiGl


Innate Abilities, Weirdness & Mutations

You reflexively headbutt those who attack you in melee.
You have a pair of horns on your head.


Message History

You hit the two-headed ogre.
You feel better.
The two-headed ogre is moderately wounded.
The two-headed ogre closely misses you.
The two-headed ogre hits you with a +0 giant club!!
You hit the two-headed ogre.
You headbutt the two-headed ogre, but do no damage.
The two-headed ogre is moderately wounded.
You slash the two-headed ogre!
Your headbutt misses the two-headed ogre.
The two-headed ogre is heavily wounded.
The two-headed ogre hits you with a +0 giant club!
* * * LOW HITPOINT WARNING * * *
You block the two-headed ogre's attack.
Evoke which item? (* to show all) (? for menu, Esc to quit)
Okay, then.
You feel yourself speed up.
The two-headed ogre hits you with a +0 giant club!!
* * * LOW HITPOINT WARNING * * *
The two-headed ogre hits you with a +0 giant club!
You die...

.#####..................#.
...#..................####
.......................###.
.............##..........##
...........................
.?...(.....................
................#.....>....
##..............# #........
..........@.....####.......
....>.....O.......##.......
..................#........
#............#.............
....$...<....##............
...........................
...........................
...........................
.....####..................


You could see a two-headed ogre.

Vanquished Creatures
  Joseph (D:8)
  A hippogriff (D:7)
  Sigmund (D:4)
  A wraith (Ossuary)
  An orc warrior (D:6)
  2 phantoms (D:5)
  4 sky beasts
  A black bear (D:6)
  3 ogres
  2 centaurs (D:8)
  A crocodile (D:5)
  4 bullfrogs
  A wyvern zombie (D:9)
  4 scorpions
  2 electric eels (D:7)
  A howler monkey (D:6)
  A centaur zombie (D:6)
  2 orc priests
  4 hounds
  A jelly (D:7)
  4 orc wizards
  11 worker ants
  2 big kobold zombies (Ossuary)
  3 mummies (Ossuary)
  A worker ant zombie (D:9)
  3 gnolls (D:2)
  6 adders
  A shadow imp (D:8)
  An ooze (D:3)
  3 adder zombies
  5 worms
  3 dart slugs
  3 leopard geckos
  17 orcs
  3 giant cockroaches
  7 goblins
  11 hobgoblins
  4 jackals
  A quokka (D:7)
  A ball python (D:4)
  6 bats
  4 frilled lizards
  2 goblin zombies (Ossuary)
  3 hobgoblin zombies (Ossuary)
  4 kobolds (D:1)
  2 kobold zombies (Ossuary)
  A leopard gecko skeleton (D:4)
  A leopard gecko zombie (D:7)
  2 quokka zombies (D:8)
  2 rats
  A rat zombie (D:8)
156 creatures vanquished.

Notes
Turn   | Place    | Note
-------+----------+-------------------------------------------
     0 | D:1      | ReteAZ the Minotaur Fighter began the quest for the Orb.
     0 | D:1      | Reached XP level 1. HP: 19/19 MP: 0/0
   208 | D:1      | Reached XP level 2. HP: 26/27 MP: 1/1
   314 | D:1      | Reached skill level 3 in Axes
  1019 | D:2      | Reached XP level 3. HP: 33/33 MP: 2/2
  1032 | D:2      | Reached skill level 4 in Axes
  1032 | D:2      | Reached XP level 4. HP: 40/40 MP: 3/3
  1891 | D:3      | Reached skill level 5 in Axes
  1966 | D:3      | Found a faded altar of an unknown god.
  2095 | D:3      | Reached XP level 5. HP: 46/46 MP: 4/4
  2119 | D:3      | Found a snail-covered altar of Cheibriados.
  2299 | D:3      | Found a basalt altar of Yredelemnul.
  2307 | D:3      | Found a sacrificial altar of Ru.
  2307 | D:3      | Found an iron altar of Okawaru.
  2309 | D:3      | Found a shadowy altar of Dithmenos.
  2329 | D:3      | Became a worshipper of Warmaster Okawaru
  2858 | D:4      | Reached skill level 6 in Axes
  3003 | D:4      | Noticed Sigmund
  3036 | D:4      | Killed Sigmund
  3036 | D:4      | Reached * piety under Okawaru
  3036 | D:4      | Reached skill level 7 in Axes
  3036 | D:4      | Reached XP level 6. HP: 13/52 MP: 5/5
  3292 | D:4      | Found a runed translucent door.
  3292 | D:4      | Noticed ReteAZ's ghost (amateur MiGl)
  3385 | D:4      | Found Giwn's Assorted Antiques.
  3398 | D:4      | Bought a runed hand axe for 186 gold pieces
  3428 | D:4      | Reached skill level 8 in Axes
  3568 | D:5      | Entered Level 5 of the Dungeon
  3623 | D:5      | Reached XP level 7. HP: 52/59 MP: 6/6
  3679 | D:5      | Reached skill level 9 in Axes
  3710 | D:5      | Found Neiraq's Gadget Shop.
  3738 | D:5      | Reached skill level 10 in Axes
  3854 | D:5      | Found a white marble altar of Elyvilon.
  4019 | D:5      | Reached ** piety under Okawaru
  4354 | D:5      | Found a hazy altar of Hepliaklqana.
  4564 | D:6      | Reached XP level 8. HP: 62/66 MP: 7/7
  4576 | D:6      | Reached skill level 11 in Axes
  4726 | D:6      | Found a staircase to the Ecumenical Temple.
  4810 | D:6      | Found an opulent altar of Gozag.
  4826 | D:6      | Reached skill level 12 in Axes
  5395 | D:7      | Reached *** piety under Okawaru
  5395 | D:7      | Reached skill level 13 in Axes
  5449 | D:7      | Found an ornate altar of the Wu Jian Council.
  5881 | D:7      | Reached XP level 9. HP: 71/71 MP: 8/8
  6171 | D:8      | Reached skill level 14 in Axes
  6221 | D:8      | Noticed Joseph
  6242 | D:8      | Killed Joseph
  6242 | D:8      | Reached **** piety under Okawaru
  6259 | D:8      | Found a sacrificial altar of Ru.
  6593 | D:8      | Found a sand-covered staircase.
  6600 | Ossuary  | Entered an ossuary
  6620 | Ossuary  | Reached skill level 15 in Axes
  7352 | D:9      | Noticed a two-headed ogre
  7365 | D:9      | HP: 2/71 [two-headed ogre/+0 giant club (18)]
  7365 | D:9      | Mangled by a two-headed ogre

Levels and vault maps discovered:
D:1:      ncdulo_wetmaze, layout_loops_corners
D:2:      layout_loops_corners, minmay_pentomino_p4
D:3:      layout_loops_ring, kennysheep_slug_shrine, yredelemnul_altar_generic,
          chequers_temple_overflow_statue_of_worship,
          chequers_ecumenical_altar_lobes, first_ration
D:4:      layout_loops_ring, serial_shops, shop, ebering_ghost_inner_flame,
          uniq_sigmund
D:5:      layout_basic, elyvilon_altar_3, nicolae_overflow_crystal_walls,
          serial_shops, shop, serial_corexii_hall, corexii_hall_statues_i,
          corexii_hall_statues_s, minmay_manual_mandibuliform
D:6:      layout_loops_ring, grunt_gozag_statues, minmay_temple_entry_crystal_x,
          chequers_serial_rivers_small_3
D:7:      layout_rooms, kennysheep_mini_moat, st_stairs_5, grunt_ogre_cave,
          serial_bayou_ford_a, minmay_holes
D:8:      layout_loops_ring, basic_altar, enter_ossuary_4, uniq_joseph
D:9:      layout_cave_pools, lemuel_coloured_pillars_altar, special_room
          [special_room_orc]

Skill      XL: |  1  2  3  4  5  6  7  8  9 |
---------------+----------------------------+-----
Axes           | 3 4 5 7 8 10 13 15 | 15.6
Fighting       | 4 |  4.0
Armour         | 4 |  4.1
Shields        | 4 |  4.0

Action                   |  1- 3 |  4- 6 |  7- 9 || total
-------------------------+-------+-------+-------++-------
Melee: War axe           |    66 |   133 |       ||   199
       Headbutt          |    10 |    28 |    57 ||    95
       Hand axe          |       |    27 |   323 ||   350
Throw: Throwing net      |       |       |     1 ||     1
  Use: Potion            |       |     2 |     1 ||     3
       Scroll            |       |       |     3 ||     3
  Eat: Chunk             |       |     9 |    11 ||    20
Armor: Scale mail        |    39 |    42 |    46 ||   127
       Skin              |       |     6 |       ||     6
       Chain mail        |       |       |    52 ||    52
Dodge: Dodged            |    27 |    36 |    33 ||    96
Block: Shield            |    29 |    75 |    97 ||   201

Table legend:
 A = Non-vault XP
 B = Vault XP
 C = Vault XP percentage of total XP
 D = Non-vault monster count
 E = Vault monster count
 F = Vault count percentage of total count
                 A         B        C        D         E       F
            +---------+---------+-------+---------+---------+-------
      Total |    3669 |    1411 |  27.8 |     131 |      25 |  16.0
            +---------+---------+-------+---------+---------+-------
        D:1 |      29 |       0 |   0.0 |      18 |       0 |   0.0
        D:2 |     111 |       2 |   1.8 |      12 |       1 |   7.7
        D:3 |     105 |       4 |   3.7 |      29 |       1 |   3.3
        D:4 |     157 |     220 |  58.4 |       8 |       1 |  11.1
        D:5 |     567 |     143 |  20.1 |       8 |       3 |  27.3
        D:6 |     746 |       0 |   0.0 |      16 |       0 |   0.0
        D:7 |     817 |     241 |  22.8 |      17 |       3 |  15.0
        D:8 |     865 |     468 |  35.1 |      18 |       3 |  14.3
        D:9 |     272 |       0 |   0.0 |       5 |       0 |   0.0
    Ossuary |       0 |     333 | 100.0 |       0 |      13 | 100.0
            +---------+---------+-------+---------+---------+-------
